 Dungeon Crawl Stone Soup version 0.31-a0-1363-g282adc679d (webtiles) character file.

Game seed: 5540498951465315029

1110 InterstingKuromi the Magician (level 8, -12/52 HPs)
             Began as a Djinni Necromancer on Dec 23, 2023.
             Was an Initiate of Makhleb.
             Mangled by Menkaure (15 damage)
             ... on level 5 of the Dungeon.
             The game lasted 00:24:26 (3897 turns).

InterstingKuromi the Magician (Djinni Necromancer)  Turns: 3897, Time: 00:24:27

Health: -12/52     AC:  3    Str:  7    XL:     8   Next: 59%
Gold:   332        EV:  9    Int: 19    God:    Makhleb [......] SH:  8 Dex: 14

rFire   + + .        d - +3 dagger
rCold   x . .        b - +0 kite shield
rNeg    + . .        c - +0 leather armour
rPois   ∞            (no helmet)
rElec   .            (no cloak)
rCorr   .            (no gloves)
SInv    .            (boots unavailable)
Will    .....        (no amulet)
Stlth   ++           j - ring of positive energy
HPRegen 0.28/turn    (no ring)
MPRegen 0.00/turn

%: infuse magic (-13 HP)
@: flying, very slightly contaminated
A: sickness immunity, fire resistance 2, cold vulnerability 1, float, innate
caster, HP casting, extra vitality 1
a: Renounce Religion


You were on level 5 of the Dungeon.
You worshipped Makhleb.
Makhleb was noncommittal.
You visited 1 branch of the dungeon, and saw 5 of its levels.

You collected 332 gold pieces.

Inventory:

Hand Weapons
 d - a +3 dagger (weapon)
Armour
 a - a +0 robe
 b - a +0 kite shield (worn)
 c - a +0 leather armour (worn)
Jewellery
 j - a ring of positive energy (left hand)
 m - a ring of resist corrosion
Wands
 k - a wand of paralysis (2) (quivered)
Scrolls
 e - a scroll of revelation
 f - a scroll of fog
 h - 4 scrolls of teleportation
 n - a scroll of vulnerability
Potions
 g - a potion of cancellation {unknown}
 i - a potion of mutation {unknown}
 l - a potion of might {unknown}
 o - a potion of magic {unknown}
 p - a potion of invisibility {unknown}
 q - a potion of lignification {unknown}


   Skills:
 + Level 1.2 Fighting
 + Level 4.5 Armour
 + Level 3.9 Dodging
 - Level 1.5 Stealth
 + Level 0.9 Shields
 + Level 6.4 Spellcasting
 + Level 6.4 Conjurations
 + Level 6.4 Hexes
 + Level 6.4 Summonings
 + Level 6.4 Necromancy
 + Level 6.4 Translocations
 + Level 6.4 Fire Magic
 + Level 6.4 Ice Magic
 + Level 6.4 Air Magic
 + Level 6.4 Earth Magic
 + Level 6.4 Alchemy
 + Level 2.6 Evocations


You knew the following spells:

 Your Spells              Type           Power      Damage    Failure   Level
a - Necrotise             Necr           100%       1d9       9%          1
b - Vampiric Draining     Necr           30%        2d8       26%         3
c - Animate Dead          Necr           30%        N/A       65%         4
d - Agony                 Necr           30%        N/A       94%         5
e - Freeze                Ice            100%       1d10      9%          1
f - Blink                 Tloc           60%        N/A       14%         2
g - Dazzling Flash        Conj/Hex       60%        N/A       26%         3
Your spell library was empty.

Dungeon Overview and Level Annotations

Branches:
Dungeon (5/15)             Temple (0/1) D:5

Altars:
Makhleb
Zin

Annotations:
D:5 Menkaure


Innate Abilities, Weirdness & Mutations

You are immune to sickness and miasma.
You are immune to poison.
Your flesh is very heat resistant. (rF++)
You are vulnerable to cold. (rC-)
You float through the air rather than walking.
You learn spells naturally, not from books.
Your magical power is your life essence.
You have superior vitality. (+4 MHP)


Message History

Found a leather armour.
Menkaure shouts!
You see here a +0 leather armour.
Menkaure hits you!
Casting: Freeze (safe; 9% risk of failure)
Confirm with . or Enter, or press ? or * to list all spells.
Aiming: Freeze (safe; 9% risk of failure)
Press: ? - help, Shift-Dir - straight line, f - Menkaure
Aim: Menkaure You miscast Freeze.
You are very lightly contaminated with residual magic.
Nothing appears to happen.
Menkaure calls on the powers of darkness!
Your body is wracked with pain!
Casting: Freeze (safe; 9% risk of failure)
Confirm with . or Enter, or press ? or * to list all spells.
Aiming: Freeze (safe; 9% risk of failure)
Press: ? - help, Shift-Dir - straight line, f/p - Menkaure
Aim: Menkaure You freeze Menkaure.
Menkaure resists.
Menkaure is lightly damaged.
Casting: Freeze (safe; 9% risk of failure)
Confirm with . or Enter, or press ? or * to list all spells.
Aiming: Freeze (safe; 9% risk of failure)
Press: ? - help, Shift-Dir - straight line, f/p - Menkaure
Aim: Menkaure (lightly damaged)
You freeze Menkaure.
Menkaure resists.
Menkaure is moderately damaged.
Menkaure hits you!!
* * * LOW HITPOINT WARNING * * *
Casting: Freeze (safe; 9% risk of failure)
Confirm with . or Enter, or press ? or * to list all spells.
Aiming: Freeze (safe; 9% risk of failure)
Press: ? - help, Shift-Dir - straight line, f/p - Menkaure
Aim: Menkaure (moderately damaged)
You freeze Menkaure.
Menkaure resists.
Menkaure is moderately damaged.
* * * LOW HITPOINT WARNING * * *
Menkaure hits you!
You die...

..'......####.###...#.######.....
###......##.......#.#..........#.
.......#.##########....####......
###....#........ .#....#####.####
.......##########.#.#..#.........
.......# #.#.....#.#..#.........
.......# #.#.##..#.#............
.......####.#..[..#.#............
............#..#@##.#...#####)##'
..........#.#..#M##.#......##)##.
..........#.#..#.##.#..###.##)##.
..........#.#..#....#..###.##.##.
..........#.#..#.####M...........
####......#.#.......#.#######..#.
#...........##.#....#.# ##...
#...........##.##...#.# #...
#...........##.#...<..# ##..


You could see Menkaure.

Vanquished Creatures
  Pikel (D:4)
  2 ogres (D:5)
  2 lemures (D:4)
  2 scorpions (D:5)
  2 howler monkeys
  A hound (D:5)
  An orc priest (D:4)
  An iguana (D:5)
  An orc wizard (D:4)
  3 gnolls (D:5)
  3 adders
  A bombardier beetle (D:5)
  2 ufetubi
  A worm (D:2)
  A dart slug (D:4)
  14 orcs
  3 bats (D:1)
  4 endoplasms
  3 giant cockroaches
  8 goblins
  2 hobgoblins
  4 jackals (D:1)
  A quokka (D:2)
  8 ball pythons
  3 frilled lizards
  3 kobolds
  A rat (D:2)
78 creatures vanquished.

Vanquished Creatures (collateral kills)
  2 lemures (D:4)
  2 dart slugs (D:4)
  3 orcs (D:4)
  2 ball pythons (D:4)
  A hobgoblin (D:1)
10 creatures vanquished.

Vanquished Creatures (others)
  A ball python zombie (D:4)
  A dart slug zombie (D:4)
  A goblin zombie (D:4)
  5 orc zombies (D:4)
8 creatures vanquished.

Grand Total: 96 creatures vanquished

Notes
Turn   | Place    | Note
-------+----------+-------------------------------------------
     0 | D:1      | InterstingKuromi the Djinni Necromancer began the quest for
                  | the Orb.
     0 | D:1      | InterstingKuromi set off with the following spells
                  | memorised: Necrotise, Vampiric Draining, Animate Dead,
                  | Agony.
     0 | D:1      | Reached XP level 1. HP: 15/15 MP: 0/0
   129 | D:1      | Reached XP level 2. HP: 18/21 MP: 0/0
   496 | D:1      | Reached XP level 3. HP: 25/25 MP: 0/0
   496 | D:1      | Learned a level 1 spell: Freeze
   828 | D:2      | Found a glowing silver altar of Zin.
  1049 | D:2      | Found a faded altar of an unknown god.
  1364 | D:3      | Reached XP level 4. HP: 30/31 MP: 0/0
  1595 | D:3      | You are sucked into a shaft and drop 1 floor!
  1617 | D:4      | Noticed a lemure
  1620 | D:4      | Noticed a lemure
  1622 | D:4      | Reached skill level 1 in Armour
  1622 | D:4      | Noticed a lemure
  1624 | D:4      | Noticed Pikel
  1628 | D:4      | Noticed a lemure
  1630 | D:4      | Killed a lemure
  1643 | D:4      | Killed a lemure
  1672 | D:4      | Reached XP level 5. HP: 6/36 MP: 0/0
  1672 | D:4      | Learned a level 2 spell: Blink
  1674 | D:4      | Killed a lemure
  1678 | D:4      | Killed a lemure
  1683 | D:4      | Killed Pikel
  1684 | D:4      | Reached skill level 5 in Spellcasting
  1684 | D:4      | Reached skill level 5 in Conjurations
  1684 | D:4      | Reached skill level 5 in Hexes
  1684 | D:4      | Reached skill level 5 in Summonings
  1684 | D:4      | Reached skill level 5 in Necromancy
  1684 | D:4      | Reached skill level 5 in Translocations
  1684 | D:4      | Reached skill level 5 in Fire Magic
  1684 | D:4      | Reached skill level 5 in Ice Magic
  1684 | D:4      | Reached skill level 5 in Air Magic
  1684 | D:4      | Reached skill level 5 in Earth Magic
  1684 | D:4      | Reached skill level 5 in Alchemy
  1684 | D:4      | Reached skill level 1 in Evocations
  1684 | D:4      | Reached XP level 6. HP: 31/41 MP: 0/0
  1684 | D:4      | Reached XP level 7. HP: 35/46 MP: 0/0
  1684 | D:4      | Learned a level 3 spell: Dazzling Flash
  1934 | D:4      | Found a burning altar of Makhleb.
  1942 | D:4      | Became a worshipper of Makhleb the Destroyer
  2622 | D:4      | Reached skill level 1 in Fighting
  2873 | D:5      | Entered Level 5 of the Dungeon
  2877 | D:5      | Noticed Menkaure
  2984 | D:5      | Reached XP level 8. HP: 10/52 MP: 0/0
  3365 | D:5      | Found a staircase to the Ecumenical Temple.
  3897 | D:5      | Mangled by Menkaure

Illustrated notes

Levels and vault maps discovered:
D:1:      dpeg_arrival_rooms_a, layout_rooms, minmay_surrounded
D:2:      layout_loops_ring, dilly_ecumenical_altar_fadedgnrine, basic_altar,
          minmay_misc_feat_five
D:3:      layout_loops_corners, fiery_altar_vehumet
D:4:      layout_gridville, nicolae_overflow_crystal_walls,
          serial_library_hellmonk_reading_circle, uniq_pikel
D:5:      layout_basic, minmay_temple_entry_offerings, minivault_27,
          uniq_menkaure

Skill      XL: |  1  2  3  4  5  6  7  8 |
---------------+-------------------------+-----
Dodging        | 3 |  3.9
Spellcasting   | 4 5 6 |  6.4
Conjurations   | 4 5 6 |  6.4
Hexes          | 4 5 6 |  6.4
Summonings     | 4 5 6 |  6.4
Necromancy     | 4 5 6 |  6.4
Translocations | 4 5 6 |  6.4
Fire Magic     | 4 5 6 |  6.4
Ice Magic      | 4 5 6 |  6.4
Air Magic      | 4 5 6 |  6.4
Earth Magic    | 4 5 6 |  6.4
Alchemy        | 4 5 6 |  6.4
Armour         | 1 4 |  4.5
Evocations     | 1 2 |  2.6
Fighting       | 1 |  1.2
Stealth        | |  1.5
Shields        | |  0.9

Action                     |  1- 3 |  4- 6 |  7- 9 || total
---------------------------+-------+-------+-------++-------
  Melee: Dagger            |       |       |     4 ||     4
   Cast: Necrotise         |    57 |    24 |    62 ||   143
         Vampiric Draining |     2 |     2 |    18 ||    22
         Freeze            |       |     7 |    21 ||    28
         Animate Dead      |       |     1 |     2 ||     3
         Blink             |       |       |     2 ||     2
         Dazzling Flash    |       |       |     2 ||     2
  Evoke: Wand              |       |     2 |     3 ||     5
    Use: Scroll            |     6 |     3 |     1 ||    10
         Potion            |       |     1 |       ||     1
 Armour: Robe              |     5 |       |       ||     5
         Leather armour    |     2 |     4 |    47 ||    53
  Dodge: Dodged            |     9 |     1 |    23 ||    33
  Block: Kite shield       |       |       |    19 ||    19

Table legend: (Time is in decaauts)
 A = Elapsed time spent in this place.
 B = Non-inter-level travel time spent in this place.
 C = Inter-level travel time spent in this place.
 D = Time resting spent in this place.
 E = Time spent auto-exploring this place.
 F = Levels seen in this place.
 G = Mean time per level.
                   A        B        C        D        E       F      G
               +--------+--------+--------+--------+--------+-----+--------+
         Total |   3897 |   3670 |    227 |    534 |   2580 |   5 |  779.4 |
       Dungeon |   3897 |   3670 |    227 |    534 |   2580 |   5 |  779.4 |
               +--------+--------+--------+--------+--------+-----+--------+

Top non-repeatable levels by time:
     D:3: 902 daAuts
     D:5: 890 daAuts
     D:4: 812 daAuts
     D:2: 673 daAuts
     D:1: 618 daAuts
